Map: Dusk Towers

Players

Skipper - Winner!

  • Race: Terran Terran
  • League: Platinum

LilDicky

  • Race: Zerg Zerg
  • League: Diamond

VOD

http://www.twitch.tv/tumescentpie

Description

Time

  • Played on: Dec. 6, 2015, 12:26 p.m.
  • Length: 10:37
Show
View Real Time Build Order
Export as new Build Order

Skipper Terran - Winner!

Build Orders: Reaper Expand 

Get SALT Encoding   

  12  0:00  SCV  
  14  0:17  SCV  
  14  0:19  Supply Depot  
  14  0:34  SCV  
  15  0:47  Barracks  
  15  0:49  Refinery  
  15  0:51  SCV  
  16  1:07  SCV  
  17  1:24  SCV  
  18  1:40  Supply Depot  
  18  1:41  Barracks Reactor  
  18  1:42  Orbital Command  
  18  1:52  Command Center  
  18  2:15  SCV  
  19  2:19  Reaper  
  19  2:20  Reaper  
  21  2:37  Command Center  
  21  2:46  Factory  
  21  2:49  SCV  
  22  2:53  Refinery  
  22  3:01  SCV  
  22  3:03  Supply Depot  
  24  3:18  Orbital Command  
  23  3:21  Marine  
  24  3:33  Bunker  
  24  3:36  Hellion  
  24  3:37  Hellion  
  24  3:39  Marine  
  24  3:41  SCV  
  30  3:50  Starport  
  30  3:58  Armory  
  30  4:06  SCV  
  30  4:09  SCV  
  32  4:13  Liberator  
  31  4:21  Hellion x2  
  35  4:28  SCV  
  39  4:32  Orbital Command  
  39  4:33  Marine  
  40  4:43  SCV  
  41  4:46  Supply Depot  
  41  4:48  Widow Mine x2  
  45  5:00  Barracks  
  42  5:29  SCV  
  42  5:30  SCV, Hellion x4  
  42  5:34  SCV  
  44  5:48  SCV, Starport Reactor  
  44  5:49  Barracks Reactor, Barracks Tech Lab  
  43  6:05  SCV  
  44  6:12  SCV  
  44  6:14  Stimpack  
  45  6:22  Orbital Command  
  45  6:28  SCV  
  46  6:36  Medivac x2  
  50  6:46  SCV, Marine  
  51  6:47  Marauder, Marine  
  51  6:48  Factory Tech Lab  
  51  6:49  Barracks  
  55  6:55  SCV  
  56  7:02  Barracks  
  56  7:03  SCV  
  56  7:04  Barracks  
  56  7:06  Refinery, Engineering Bay, Medivac  
  56  7:07  Refinery, Engineering Bay  
  59  7:14  Bunker  
  58  7:23  SCV  
  58  7:25  Siege Tank  
  62  7:33  Marine x2  
  63  7:37  SCV  
  57  7:44  Marine x2  
  58  7:53  SCV, Marine x2  
  60  7:59  SCV  
  60  8:00  Supply Depot  
  60  8:04  Supply Depot, Refinery  
  60  8:10  Siege Tank  
  60  8:11  Barracks Reactor, Barracks Tech Lab  
  63  8:13  SCV  
  63  8:17  SCV, Refinery  
  63  8:19  Missile Turret  
  65  8:22  Missile Turret  
  65  8:27  Terran Infantry Weapons Level 1  
  65  8:30  Terran Infantry Armor Level 1  
  65  8:32  SCV  
  66  8:37  SCV  
  66  8:38  SCV  
  68  8:42  Supply Depot  
  68  8:43  Missile Turret  
  68  8:44  Supply Depot, SCV  
  68  8:48  Marine x2  
  69  8:49  SCV, Marauder  
  69  8:52  Marine x2  
  76  8:57  SCV, Marine x3  
  76  9:01  Supply Depot  
  80  9:09  Supply Depot  
  80  9:10  Marine x2  
  82  9:19  SCV  
  83  9:25  SCV  
  83  9:27  Marine x3  
  87  9:45  Marine x2  
  82  9:51  Marine x2  
  73  10:01  SCV  
  73  10:02  Missile Turret  
  73  10:05  Missile Turret  
  73  10:06  Missile Turret, Marine x3  
  75  10:08  Missile Turret  
Show
View Real Time Build Order
Export as new Build Order

LilDicky Zerg 

Build Orders: Hatch First 

Get SALT Encoding   

  12  0:01  Drone  
  13  0:09  Drone  
  14  0:28  Extractor  
  13  0:29  Drone x2, Extractor  
  16  0:44  Hatchery  
  15  0:59  Spawning Pool  
  14  1:10  Extractor  
  14  1:11  Drone  
  14  1:20  Overlord  
  14  1:43  Drone  
  14  1:44  Drone x2  
  14  1:45  Queen  
  19  1:56  Queen  
  21  2:13  Zergling x6  
  24  2:16  Overlord  
  24  2:19  Metabolic Boost  
  24  2:41  Zergling x12  
  30  2:59  Evolution Chamber  
  29  3:30  Drone  
  29  3:31  Drone x6  
  29  3:32  Overlord x2  
  36  3:36  Spore Crawler  
  35  4:38  Drone x8  
  36  4:39  Drone x6  
  49  4:52  Hatchery  
  44  5:19  Zergling x2  
  44  5:20  Zergling x12  
  47  6:11  Lair  
  47  6:14  Extractor  
  47  6:17  Extractor  
  47  6:18  Extractor  
  44  6:27  Burrow  
  44  6:28  Drone  
  44  6:29  Drone x2  
  47  6:38  Queen  
  48  6:48  Zergling x4  
  48  6:50  Overlord x2  
  50  6:58  Spine Crawler  
  50  6:59  Spine Crawler x2  
  47  7:07  Spine Crawler x2  
  45  7:14  Queen  
  46  7:38  Queen  
  46  7:48  Spire  
  46  7:51  Drone x4  
  44  7:52  Zergling x14  
  44  7:53  Zergling x16  
  44  7:54  Drone  
  44  7:55  Drone x4  
  44  7:56  Overlord x3  
  65  8:00  Roach Warren  
  64  8:06  Drone  
  64  8:12  Extractor  
  64  8:28  Spine Crawler  
  64  8:33  Overlord x2  
  63  9:03  Mutalisk x9  
  63  9:04  Mutalisk x7  
  95  9:10  Zergling x6  
  98  9:31  Hatchery  
  96  9:37  Baneling Nest  
  87  9:58  Mutalisk  
  87  9:59  Mutalisk x6  
  98  10:11  Drone x8  
  104  10:14  Overlord  
Tags
 
Add a new tag
Caveats
  • Supply blocks, unpowered buildings, or Contaminate may cause inaccurate times.
  • Supply counts are checked every 10 seconds.